 Dungeon Crawl Stone Soup version 0.30-a0-743-gbfdf073431 (webtiles) character file.

Game seed: 5996471220158777707

56 theblackgale the Chiller (level 3, -3/26 HPs)
             Began as a Draconian Ice Elementalist on Feb 7, 2023.
             Slain by a gnoll bouda
             ... wielding a +0 club
              (6 damage)
             ... on level 4 of the Dungeon.
             The game lasted 00:10:20 (719 turns).

theblackgale the Chiller (DrIE)                      Turns: 719, Time: 00:10:21

Health: -3/26      AC:  5    Str: 10    XL:     3   Next: 69%
Magic:  6/6        EV: 27    Int: 17    God:
Gold:   111        SH:  0    Dex: 11    Spells: 5/6 levels left

rFire   . . .      SeeInvis .    b - +0 trident
rCold   . . .      Faith    .    (no shield)
rNeg    . . .      Spirit   .    (body armour unavailable)
rPois   .          Reflect  .    (helmet restricted)
rElec   .          Harm     .    (no cloak)
rCorr   .          Rampage  .    (no gloves)
Will    .....                    (no boots)
Stlth   ++                       c - amulet of the acrobat
HPRegen 0.24/turn                (no ring)
MPRegen 0.10/turn                (no ring)

@: acrobatic
A: AC +5, unfitting armour, cold-blooded
a: no special abilities


You were on level 4 of the Dungeon.
You visited 1 branch of the dungeon, and saw 5 of its levels.

You collected 111 gold pieces.

Inventory:

Hand Weapons
 b - a +0 trident (weapon)
Jewellery
 c - an amulet of the acrobat (around neck)
Wands
 d - a wand of polymorph (12)
Scrolls
 f - a scroll of fear {unknown}
Potions
 a - a potion of magic
 e - a potion of curing {unknown}


   Skills:
 + Level 0.8 Polearms
 + Level 1.9 Dodging
 + Level 2.6 Stealth
 + Level 2.3 Spellcasting
 + Level 4.5 Ice Magic


You had 5 spell levels left.
You knew the following spells:

 Your Spells              Type           Power      Damage    Failure   Level
a - Freeze                Ice            68%        1d8       3%          1

Your spell library contained the following spells:

 Spells                   Type           Power      Damage    Failure   Level
 Frozen Ramparts          Ice            34%        1d6       9%          3
 Ozocubu's Armour         Ice            17%        N/A       9%          3
 Kiss of Death            Conj/Necr      8%         2d6       19%         1
 Confusing Touch          Hex            2%         N/A       50%         3
 Summon Ice Beast         Ice/Summ       9%         N/A       58%         4
 Dispel Undead            Necr           2%         3d7       88%         4


Dungeon Overview and Level Annotations

Branches:
Dungeon (5/15)
 Temple: D:4-7

Altars:
Yredelemnul

Annotations:
D:5 Pikel


Innate Abilities, Weirdness & Mutations

Your plain brown scales are hard. (AC +5)
You cannot fit into any form of body armour.
You are cold-blooded and may be slowed by cold attacks.


Message History

The gnoll hits you from afar with a +0 spear.
* * * LOW HITPOINT WARNING * * *
The gnoll is no longer moving quickly.
The kobold's inner flame fades away.
Found a steel ring.
The gnoll bouda barks out a call to the hunt!
The gnoll picks up the pace!
The hound barely misses you. The hound attacks as you move away!
The hound bites you but does no damage.
The gnoll is no longer moving quickly.
Found a stone staircase leading up.
The gnoll bouda barks out a call to the hunt!
The gnoll picks up the pace!
The hound misses you. The gnoll completely misses you.
The hound closely misses you. The hound completely misses you.
An iguana comes into view.
The hound misses you. The gnoll misses you. The hound closely misses you.
There is a stone staircase leading up here.
You can't go down here!
This spell is quite dangerous to cast!
Memorise Ozocubu's Armour, consuming 3 spell levels and leaving 2?
The hound bites you but does no damage.
Your memorisation is interrupted.
The gnoll bouda hits you with a +0 club!
* * * LOW HITPOINT WARNING * * *
The hound misses you. The gnoll closely misses you. The hound bites you.
* * * LOW HITPOINT WARNING * * *
The gnoll bouda barely misses you.
You climb upwards.
Found a scroll of fog.
There is a stone staircase leading down here.
The hound attacks as you move away! The hound bites you but does no damage.
Found a leather armour.
The hound barely misses you.
A phantom comes into view.
The hound misses you. The hound attacks as you move away!
The hound completely misses you.
The gnoll bouda hits you with a +0 club.
You die...

#...... #......
... #....W. .....
#.....##.....
#......o.....
##............
#.............
#.............
#....@h.......
#....gh.......
+.............
#...>......##.
#...........#
#.............
...............
...###...........
.. ............


You could see a phantom (dormant), a gnoll bouda, 2 hounds and an orc (asleep).

Vanquished Creatures
  4 adders (D:3)
  2 dart slugs
  2 endoplasms (D:1)
  A hobgoblin (D:2)
  4 kobolds
  A quokka (D:1)
  A bat (D:2)
  A frilled lizard (D:2)
  2 goblins (D:2)
  A rat (D:1)
19 creatures vanquished.

Vanquished Creatures (others)
  2 fungi (D:1)
  8 plants (D:2)
10 creatures vanquished.

Grand Total: 29 creatures vanquished

Notes
Turn   | Place    | Note
-------+----------+-------------------------------------------
     0 | D:1      | theblackgale the Draconian Ice Elementalist began the quest
                  | for the Orb.
     0 | D:1      | Reached XP level 1. HP: 14/14 MP: 3/3
   246 | D:2      | Reached XP level 2. HP: 20/20 MP: 3/5
   461 | D:3      | Found a basalt altar of Yredelemnul.
   588 | D:3      | Reached XP level 3. HP: 14/26 MP: 6/6
   688 | D:5      | Entered Level 5 of the Dungeon
   689 | D:5      | Noticed Pikel
   689 | D:5      | Noticed a lemure
   689 | D:5      | Noticed a lemure
   690 | D:5      | Noticed a lemure
   690 | D:5      | Noticed a lemure
   716 | D:4      | Noticed a black bear
   718 | D:4      | Noticed a phantom
   719 | D:4      | Slain by a gnoll bouda

Illustrated notes

Levels and vault maps discovered:
D:1:      dpeg_cavernosity, layout_rooms, serial_curves, eino_curves_03,
          eino_curves_02, chequers_serial_rivers_micro_c
D:2:      layout_loops_ring, kennysheep_boxes
D:3:      layout_basic, general_overflow_altar
D:4:      layout_cave_pools, kennysheep_little_box,
          minmay_temple_entry_glassed_door, serial_column_ruins,
          column_ruins_grid_1, column_ruins_corridor_dead_end,
          column_ruins_open_small_water, column_ruins_open_large,
          minmay_door_square
D:5:      minmay_chambers_of_threes, layout_loops_ring, jmf_multi_god_temple2,
          mainiacjoe_overflow_catwalk, ashenzari_conservatory_becter,
          cheibriados_altar_1, minmay_bent, uniq_eustachio, uniq_pikel,
          uniq_ijyb

Skill      XL: |  1  2 |
---------------+-------+-----
Stealth        | 2 |  2.6
Polearms       | |  0.8
Dodging        | |  1.9
Spellcasting   | |  2.3
Ice Magic      | |  4.5

Action                     || total
---------------------------++-------
  Melee: Unarmed           ||    14
         Tailslap          ||     7
         Punch             ||     1
         Trident           ||    25
   Cast: Freeze            ||    19
    Use: Scroll            ||     4
         Potion            ||     1
   Stab: Sleeping          ||     1
 Armour: Skin              ||    19
  Dodge: Dodged            ||    73

Table legend: (Time is in decaauts)
 A = Elapsed time spent in this place.
 B = Non-inter-level travel time spent in this place.
 C = Inter-level travel time spent in this place.
 D = Time resting spent in this place.
 E = Time spent auto-exploring this place.
 F = Levels seen in this place.
 G = Mean time per level.
                   A        B        C        D        E       F      G
               +--------+--------+--------+--------+--------+-----+--------+
         Total |    728 |    232 |    496 |      0 |      0 |   5 |  145.6 |
       Dungeon |    728 |    232 |    496 |      0 |      0 |   5 |  145.6 |
               +--------+--------+--------+--------+--------+-----+--------+

Top non-repeatable levels by time:
     D:3: 244 daAuts
     D:1: 244 daAuts
     D:2: 178 daAuts
     D:4: 33 daAuts
     D:5: 27 daAuts
